 Dungeon Crawl Stone Soup version 0.27-a0-808-g60bc5d92e6 (webtiles) character file.

Game seed: 10047947300099328484

36 dolemite99 the Conjurer (level 3, 0/19 HPs)
             Began as a Deep Elf Conjurer on Mar 29, 2021.
             Succumbed to Terence's poison
             ... on level 1 of the Dungeon.
             The game lasted 00:02:10 (1579 turns).

dolemite99 the Conjurer (Deep Elf Conjurer)         Turns: 1579, Time: 00:02:10

Health: 0/19       AC:  2    Str:  4    XL:     3   Next: 19%
Magic:  9/9        EV: 12    Int: 23    God:
Gold:   55         SH:  0    Dex: 13    Spells: 7/8 levels left

rFire    . . .     SeeInvis .   h - +0 short sword (flame)
rCold    . . .     Faith    .   (no shield)
rNeg     . . .     Spirit   .   a - +0 robe
rPois    .         Reflect  .   (no helmet)
rElec    .         Harm     .   (no cloak)
rCorr    .         Rampage  .   (no gloves)
Will     .....                  (no boots)
Stlth    ++........             (no amulet)
HPRegen  0.06/turn              (no ring)
MPRegen  0.11/turn              (no ring)

@: lethally poisoned (0 -> -29)
A: no striking features
a: no special abilities


You were on level 1 of the Dungeon.
You visited 1 branch of the dungeon, and saw 2 of its levels.

You collected 55 gold pieces.

Inventory:

Hand Weapons
 g - a +0 halberd
 h - a +0 short sword of flaming (weapon)
Missiles
 d - 58 stones
Armour
 a - a +0 robe (worn)
Magical Staves
 i - a staff of conjuration
Scrolls
 b - 2 scrolls of teleportation {unknown}
 e - a scroll of blinking {unknown}
 f - a scroll of identify {unknown}
 j - a scroll of immolation {unknown}
Potions
 c - a potion of invisibility {unknown}


   Skills:
 - Level 2.4 Dodging
 - Level 2.4 Stealth
 - Level 3.0 Spellcasting
 + Level 5.6 Conjurations


You had 7 spell levels left.
You knew the following spells:

 Your Spells              Type           Power      Damage    Failure   Level
a - Magic Dart            Conj           100%       1d8       1%          1

Your spell library contained the following spells:

 Spells                   Type           Power      Damage    Failure   Level
 Searing Ray              Conj           58%        3d5       1%          2
 Conjure Flame            Conj/Fire      16%        6-21      11%         3
 Dazzling Flash           Conj/Hex       32%        N/A       11%         3
 Mephitic Cloud           Conj/Pois/Air  12%        N/A       16%         3
 Blink                    Tloc           N/A        N/A       17%         2
 Call Imp                 Summ           3%         N/A       17%         2
 Slow                     Hex            3%         N/A       17%         2
 Fulminant Prism          Conj/Hex       8%         3d7       36%         4
 Iskenderun's Mystic Bla  Conj/Tloc      16%        2d5       36%         4


Dungeon Overview and Level Annotations

Branches:
Dungeon (2/15)

Altars:

Annotations:
D:1 Terence


Message History

Casting: Magic Dart (safe; 1% risk of failure)
Confirm with . or Enter, or press ? or * to list all spells.
Aiming: Magic Dart (safe; 1% risk of failure)
Press: ? - help, Shift-Dir - straight line, f - hobgoblin
Aim: a hobgoblin (wandering, hasn't noticed you, 0% to evade)
The magic dart hits the hobgoblin.
The hobgoblin is lightly wounded.
The hobgoblin shouts!
Casting: Magic Dart (safe; 1% risk of failure)
Confirm with . or Enter, or press ? or * to list all spells.
Aiming: Magic Dart (safe; 1% risk of failure)
Press: ? - help, Shift-Dir - straight line, f/p - hobgoblin
Aim: a hobgoblin (lightly wounded, 0% to evade)
The magic dart hits the hobgoblin.
You kill the hobgoblin!
Casting: Magic Dart (safe; 1% risk of failure)
Confirm with . or Enter, or press ? or * to list all spells.
You can't see any susceptible monsters within range! (Use Z to cast anyway.)
Casting: Magic Dart (safe; 1% risk of failure)
Confirm with . or Enter, or press ? or * to list all spells.
You can't see any susceptible monsters within range! (Use Z to cast anyway.)
j - a scroll labelled XICOGA HIMNOTZU
There are no items here.
You start resting.
Magic restored.
Terence the Incautious comes into view.
He is wielding a +2 short sword of venom and wearing a +2 scale mail of willpower.
Terence shouts!
You hear a shout!
A kobold comes into view. It is wielding a +0 dagger.
The kobold shouts!
Terence says, "Time to say good-bye..."
You see here a bat skeleton.
Terence shouts, "Get ready for death!"
There is a stone staircase leading up here.
Terence hits you with a +2 short sword of venom!
You are lethally poisoned!
You climb upwards.
* * * LOW HITPOINT WARNING * * *
You feel extremely sick.
There is a stone staircase leading down here.
You die...

#...#####..##..#######
#.....................
#....####.##..###.....
#....####.##.###..####
#.........#...........
##........##....#######
##...@...........#
#.....>..........#
#......@.........# ##
#...........)#...# ##.
#...........##...# ##..
#........>.###...####...
##..........####...##...
#...............#.......
#.......................
#..........#......##....
#..........####.......♣♣


You could see Terence.

Vanquished Creatures
  A gnoll (D:1)
  A worm (D:2)
  3 ball pythons (D:1)
  3 endoplasms
  2 giant cockroaches (D:1)
  3 hobgoblins
  5 bats
  3 frilled lizards
  A kobold (D:2)
  A rat (D:1)
23 creatures vanquished.

Notes
Turn   | Place    | Note
-------+----------+-------------------------------------------
     0 | D:1      | dolemite99 the Deep Elf Conjurer began the quest for the
                  | Orb.
     0 | D:1      | Reached XP level 1. HP: 10/10 MP: 6/6
   451 | D:1      | Reached XP level 2. HP: 15/15 MP: 5/8
   645 | D:1      | Reached skill level 5 in Conjurations
  1071 | D:2      | Reached XP level 3. HP: 19/19 MP: 6/9
  1514 | D:2      | Noticed Terence
  1579 | D:1      | Succumbed to Terence's poison

Illustrated notes

Levels and vault maps discovered:
D:1:      heliophobic_arrival_henge, layout_rooms
D:2:      layout_loops_cross, minmay_stone_trees_medium, uniq_terence,
          uniq_crazy_yiuf_cottage

Skill      XL: |  1  2 |
---------------+-------+-----
Conjurations   | 5 |  5.6
Dodging        | |  2.4
Stealth        | |  2.4
Spellcasting   | |  3.0

Action                   || total
-------------------------++-------
Melee: Short sword       ||     1
 Cast: Magic Dart        ||    47
Armor: Robe              ||     4
Dodge: Dodged            ||     1

Table legend: (Time is in decaauts)
 A = Elapsed time spent in this place.
 B = Non-inter-level travel time spent in this place.
 C = Inter-level travel time spent in this place.
 D = Time resting spent in this place.
 E = Time spent auto-exploring this place.
 F = Levels seen in this place.
 G = Mean time per level.
                   A        B        C        D        E       F      G
               +--------+--------+--------+--------+--------+-----+--------+
         Total |   1578 |   1566 |     12 |    896 |    399 |   2 |  789.0 |
       Dungeon |   1578 |   1566 |     12 |    896 |    399 |   2 |  789.0 |
               +--------+--------+--------+--------+--------+-----+--------+

Top non-repeatable levels by time:
     D:1: 1028 daAuts
     D:2: 550 daAuts
